 Dungeon Sprint DCSS version 0.28-a0-1412-gf95308ed99 (webtiles) character file.

Game seed: 17077458196930878800

4638 brmiller01 the Brawler (level 10, -9/172 HPs)
             Began as a Troll Berserker on Jan 6, 2022.
             Was a High Priest of Trog.
             Mangled by a 12-headed hydra (13 damage)
             ... in the Dungeon (Sprint I: "Red Sonja").
             The game lasted 00:02:32 (404 turns).

brmiller01 the Brawler (Troll Berserker)             Turns: 404, Time: 00:02:32

Health: -9/172     AC:  4    Str: 31    XL:     10   Next: 20%
Magic:  9/9        EV: 10    Int:  3    God:    Trog [*****.]
Gold:   420        SH:  0    Dex:  9    Spells: 9/9 levels left

rFire   . . .      SeeInvis .   l - +5 great sword (flame)
rCold   . . .      Faith    .   (shield currently unavailable)
rNeg    . . .      Spirit   .   a - +0 animal skin
rPois   .          Reflect  .   (helmet restricted)
rElec   .          Harm     .   (no cloak)
rCorr   .          Rampage  .   (gloves unavailable)
Will    .....      NoTele   +   (boots unavailable)
Stlth   ..........              (no amulet)
HPRegen 1.18/turn               (no ring)
MPRegen 0.11/turn               (no ring)

@: berserking, very quick
A: large, unfitting armour, claws 3, regeneration 1, shaggy fur 1, tough skin 1
a: Renounce Religion, Berserk, Trog's Hand, Brothers in Arms


You were in the Dungeon.
You worshipped Trog.
Trog was extremely pleased with you.
You visited 1 branch You collected 420 gold pieces.

Inventory:

Hand Weapons
 k - a +3 vorpal battleaxe
 l - a +5 great sword of flaming (weapon)
Armour
 a - a +0 animal skin (worn)
Wands
 h - a wand of polymorph (7)
Scrolls
 g - a scroll of blinking
 j - a scroll of identify {unknown}
Potions
 b - a potion of curing
 c - a potion of heal wounds
 d - a potion of haste
 e - 2 potions of magic
 f - a potion of berserk rage
 i - a potion of mutation {unknown}


   Skills:
 + Level 12.2 Fighting
 - Level 2.4 Dodging
 * Level 19.5 Unarmed Combat


You had 9 spell levels left.
You didn't know any spells.
Your spell library was empty.

Dungeon Overview and Level Annotations

Branches:
Dungeon (1/1)

Altars:
Makhleb
Sif Muna
Vehumet
Wu Jian
Xom
Jiyva
Lugonu


Innate Abilities, Weirdness & Mutations

You are too large for most types of armour.
You have claws for hands.
Your natural rate of healing is unusually fast.
You are covered in fur. (AC +1)
You have tough skin. (AC +1)


Message History

Items here: ††††††.
You see here a hog corpse.
You open the door.
A hydra and a floating eye come into view.
The 12-headed hydra roars!
The floating eye turns its gaze towards you.
The floating eye's stare focuses on you.
Found 54 gold pieces.
Your +5 great sword of flaming bursts into flame!
l - a +5 great sword of flaming (weapon)
The 12-headed hydra barely misses you. The 12-headed hydra bites you.
The 12-headed hydra bites you! The 12-headed hydra bites you.
The 12-headed hydra barely misses you. The 12-headed hydra bites you.
The 12-headed hydra bites you! The 12-headed hydra bites you.
The 12-headed hydra bites you! The 12-headed hydra barely misses you.
The 12-headed hydra misses you. The 12-headed hydra closely misses you.
A red film seems to cover your vision as you go berserk!
You feel yourself moving faster!
You feel mighty! The 12-headed hydra misses you. The 12-headed hydra bites you.
The 12-headed hydra barely misses you. The 12-headed hydra bites you!
The 12-headed hydra barely misses you.
The 12-headed hydra bites you but does no damage.
The 12-headed hydra bites you! x2; The 12-headed hydra bites you.
* * * LOW HITPOINT WARNING * * *
The 12-headed hydra bites you!
* * * LOW HITPOINT WARNING * * *
The 12-headed hydra bites you!
* * * LOW HITPOINT WARNING * * *
The 12-headed hydra bites you.
* * * LOW HITPOINT WARNING * * *
You barely miss the 12-headed hydra. The 12-headed hydra bites you!
* * * LOW HITPOINT WARNING * * *
The 12-headed hydra bites you.
* * * LOW HITPOINT WARNING * * *
The 12-headed hydra bites you.
* * * LOW HITPOINT WARNING * * *
The 12-headed hydra closely misses you. The 12-headed hydra bites you!
* * * LOW HITPOINT WARNING * * *
The 12-headed hydra bites you!
You die...

#####################
..#..#...§§§§§§§@DG$#
.†##'#§####§§§§§##$.+
.†'†.#§# ##.§§## ##
###)§§.# ###+# #'####
#... #.... ###°°.
...#


You could see a 12-headed hydra and a floating eye (charged).

Vanquished Creatures
  A lindwurm (D)
  A gargoyle (D)
  2 kobold demonologists (D)
  4 demonic crawlers (D)
  A slime creature (D)
  Sigmund (D)
  13 hogs (D)
  A floating eye (D)
  An ogre (D)
  A jelly (D)
  Ijyb (D)
27 creatures vanquished.

Notes
Turn   | Place    | Note
-------+----------+-------------------------------------------
     0 | D        | brmiller01 the Troll Berserker began the quest for the Orb.
     0 | D        | Reached XP level 1. HP: 22/22 MP: 0/0
     1 | D        | Noticed Ijyb
    11 | D        | Killed Ijyb
    12 | D        | Reached skill level 5 in Unarmed Combat
    12 | D        | Reached XP level 2. HP: 31/31 MP: 1/1
    31 | D        | Noticed an ogre
    43 | D        | Killed an ogre
    44 | D        | Reached skill level 5 in Fighting
    44 | D        | Reached skill level 8 in Unarmed Combat
    44 | D        | Reached XP level 3. HP: 30/42 MP: 2/2
    44 | D        | Reached XP level 4. HP: 35/50 MP: 3/3
    76 | D        | Noticed Sigmund
    81 | D        | Killed Sigmund
    81 | D        | Reached ** piety under Trog
    82 | D        | Reached skill level 10 in Unarmed Combat
    82 | D        | Reached XP level 5. HP: 51/61 MP: 4/4
    82 | D        | Reached XP level 6. HP: 57/68 MP: 5/5
   104 | D        | Found an ornate altar of the Wu Jian Council.
   104 | D        | Found a shimmering blue altar of Sif Muna.
   106 | D        | Found a radiant altar of Vehumet.
   116 | D        | Found a burning altar of Makhleb.
   116 | D        | Found a viscous altar of Jiyva.
   116 | D        | Found a shimmering altar of Xom.
   116 | D        | Found a corrupted altar of Lugonu.
   116 | D        | Noticed a slime creature
   121 | D        | Killed a slime creature
   122 | D        | Reached skill level 12 in Unarmed Combat
   132 | D        | Noticed a kobold demonologist
   132 | D        | Noticed a floating eye
   132 | D        | Noticed a kobold demonologist
   136 | D        | Killed a kobold demonologist
   136 | D        | Reached *** piety under Trog
   137 | D        | Reached skill level 13 in Unarmed Combat
   137 | D        | Reached XP level 7. HP: 78/81 MP: 6/6
   141 | D        | Noticed a neqoxec
   145 | D        | Killed a kobold demonologist
   145 | D        | Reached **** piety under Trog
   146 | D        | Reached skill level 14 in Unarmed Combat
   146 | D        | Reached XP level 8. HP: 91/92 MP: 7/7
   157 | D        | Noticed a demonic crawler
   157 | D        | Noticed a demonic crawler
   157 | D        | Noticed a demonic crawler
   157 | D        | Noticed a demonic crawler
   161 | D        | Killed a demonic crawler
   162 | D        | Reached skill level 15 in Unarmed Combat
   165 | D        | Killed a demonic crawler
   167 | D        | Noticed a gargoyle
   171 | D        | Killed a demonic crawler
   172 | D        | Reached skill level 10 in Fighting
   172 | D        | Reached skill level 16 in Unarmed Combat
   172 | D        | Killed a demonic crawler
   172 | D        | Reached ***** piety under Trog
   173 | D        | Reached XP level 9. HP: 39/102 MP: 8/8
   173 | D        | Killed a gargoyle
   174 | D        | Reached skill level 17 in Unarmed Combat
   243 | D        | Noticed a lindwurm
   251 | D        | Killed a lindwurm
   311 | D        | Reached skill level 18 in Unarmed Combat
   315 | D        | Received a gift from Trog
   375 | D        | Reached XP level 10. HP: 109/115 MP: 9/9
   378 | D        | Reached skill level 19 in Unarmed Combat
   381 | D        | Received a gift from Trog
   384 | D        | Reached ****** piety under Trog
   401 | D        | Noticed a 12-headed hydra
   404 | D        | HP: 4/172 [12-headed hydra (7)]
   404 | D        | Mangled by a 12-headed hydra

Illustrated notes

Levels and vault maps discovered:
D:        dungeon_sprint_1 [red_sonja_temple_1, red_sonja_temple_small_1]

Skill      XL: |  1  2  3  4  5  6  7  8  9 10 |
---------------+-------------------------------+-----
Fighting       | 3 5 6 8 9 10 11 12 | 12.2
Unarmed Combat | 5 8 10 13 14 16 18 19 | 19.5
Dodging        | |  2.4

Action                   |  1- 3 |  4- 6 |  7- 9 | 10-12 || total
-------------------------+-------+-------+-------+-------++-------
Melee: Unarmed           |    13 |    10 |    55 |    10 ||    88
       Punch             |     1 |       |     8 |       ||     9
       Great sword       |       |       |       |     1 ||     1
Invok: Berserk           |     1 |       |     1 |     1 ||     3
 Stab: Sleeping          |       |       |     1 |       ||     1
Armor: Skin              |     3 |       |       |       ||     3
       Animal skin       |       |     1 |     3 |     1 ||     5
Dodge: Dodged            |     6 |     3 |    16 |    12 ||    37

Table legend: (Time is in decaauts)
 A = Elapsed time spent in this place.
 B = Non-inter-level travel time spent in this place.
 C = Inter-level travel time spent in this place.
 D = Time resting spent in this place.
 E = Time spent auto-exploring this place.
 F = Levels seen in this place.
 G = Mean time per level.
                   A        B        C        D        E       F      G
               +--------+--------+--------+--------+--------+-----+--------+
         Total |    398 |    370 |     28 |    132 |     37 |   1 |  398.0 |
       Dungeon |    398 |    370 |     28 |    132 |     37 |   1 |  398.0 |
               +--------+--------+--------+--------+--------+-----+--------+

Top non-repeatable levels by time:
       D: 398 daAuts
